3AA
BELVEDERE PARK RAWHIDES @ MARQUETTE MINERS
09/02/2028
 
TOP OF THE 1ST
Belvedere Park Rawhides batting - Pitching for Marquette Miners : RHP José Macías
Pitching: RHP José Macías
Batting: SHB Nobuhisa Hatoyama 0-0: Ball
1-0: Called Strike
1-1: Ball
2-1: Fly out, F7 (Flyball, 7)
Batting: LHB Dan O'Day 0-0: Called Strike
0-1: Ball
1-1: Ground out 6-3 (Groundball, 6M)
Batting: LHB José Marín 0-0: Ground out 3-1 (Groundball, 3S)
Top of the 1st over - 0 run(s), 0 hit(s), 0 error(s), 0 left on base; Belvedere Park 0 - Marquette 0
BOTTOM OF THE 1ST
Marquette Miners batting - Pitching for Belvedere Park Rawhides : RHP Esteban Marino
Pitching: RHP Esteban Marino
Batting: RHB Alan McLennan 0-0: Swinging Strike
0-1: Foul Ball, location: 2F
0-2: Ball
1-2: Ball
2-2: Ball
3-2: Foul Ball, location: 2F
3-2: Base on Balls
Batting: RHB Manuel Rosales 0-0: Called Strike
0-1: Ball
1-1: Swinging Strike
1-2: Ball
2-2: Foul Ball, location: 2F
2-2: Ground out 5-3 (Groundball, 56S)
Alan McLennan to second
Batting: LHB Tural Bishara 0-0: Called Strike
0-1: Called Strike
0-2: Ball
Wild Pitch!
Alan McLennan to third
1-2: Ball
2-2: Foul Ball, location: 2F
2-2: Ball
3-2: Strikes out looking
Batting: SHB Eugene Clutch 0-0: Fly out, F6 (Popup, 6D)
Bottom of the 1st over - 0 run(s), 0 hit(s), 0 error(s), 1 left on base; Belvedere Park 0 - Marquette 0
TOP OF THE 2ND
Belvedere Park Rawhides batting - Pitching for Marquette Miners : RHP José Macías
Batting: RHB Tracy Parker 0-0: Called Strike
0-1: Ground out 6-3 (Groundball, 6)
Batting: RHB David Martínez 0-0: Called Strike
0-1: Foul Ball, location: 2F
0-2: Foul Ball, location: 2F
0-2: Ball
1-2: Foul Ball, location: 2F
1-2: Strikes out swinging
Batting: RHB Harry Gibson 0-0: Foul Ball, location: 2F
0-1: Called Strike
0-2: Ground out 6-3 (Groundball, 6)
Top of the 2nd over - 0 run(s), 0 hit(s), 0 error(s), 0 left on base; Belvedere Park 0 - Marquette 0
BOTTOM OF THE 2ND
Marquette Miners batting - Pitching for Belvedere Park Rawhides : RHP Esteban Marino
Batting: RHB Edgar Balerio 0-0: Fly out, F9 (Flyball, 9S)
Batting: LHB Vicente Castaneda 0-0: Ball
1-0: Ball
2-0: Ball
3-0: Base on Balls
Batting: RHB José Barroca 0-0: Grounds into double play, 6-4-3 (Groundball, 6)
Bottom of the 2nd over - 0 run(s), 0 hit(s), 0 error(s), 0 left on base; Belvedere Park 0 - Marquette 0
TOP OF THE 3RD
Belvedere Park Rawhides batting - Pitching for Marquette Miners : RHP José Macías
Batting: RHB Kevin Johnson 0-0: Foul Ball, location: 2F
0-1: Fly out, F8 (Flyball, 8RD)
Batting: RHB José Luque 0-0: Ball
1-0: Called Strike
1-1: Foul Ball, location: 2F
1-2: Ball
2-2: Ball
3-2: SINGLE (Groundball, 6MD)
Batting: RHB Jorge Alcantar 0-0: Called Strike
0-1: Swinging Strike
0-2: Ball
José Luque steals 2nd base
1-2: Reached on error, E4 (Groundball, 4)
José Luque scores
Batting: SHB Nobuhisa Hatoyama 0-0: Ball
1-0: Called Strike
Jorge Alcantar is caught stealing 3rd base
1-1: Ball
2-1: Fly out, F7 (Flyball, 78M)
Top of the 3rd over - 1 run(s), 1 hit(s), 1 error(s), 0 left on base; Belvedere Park 1 - Marquette 0
BOTTOM OF THE 3RD
Marquette Miners batting - Pitching for Belvedere Park Rawhides : RHP Esteban Marino
Batting: SHB Ted Tullo 0-0: Foul Ball, location: 2F
0-1: Ball
1-1: Ball
2-1: Foul Ball, location: 2F
2-2: Foul Ball, location: 2F
2-2: Foul Ball, location: 2F
2-2: Ball
3-2: Base on Balls
Batting: RHB Sameen Shaw 0-0: Ball
1-0: Ball
2-0: Fly out, F7 (Flyball, 78M)
Batting: RHB Alan McLennan 0-0: Ball
1-0: Ball
2-0: SINGLE (Line Drive, 56D)
Ted Tullo to second
Batting: RHB Manuel Rosales 0-0: Foul Ball, location: 2F
0-1: Foul Ball, location: 2F
0-2: Ball
1-2: Ball
2-2: SINGLE (Line Drive, 9LS)
Ted Tullo to third
Alan McLennan to second
Batting: LHB Tural Bishara 0-0: Foul Ball, location: 2F
0-1: DOUBLE (Groundball, 3L)
Ted Tullo scores
Alan McLennan scores
Manuel Rosales to third
Runner from 3rd tries for Home, SAFE, no throw
Batting: SHB Eugene Clutch 0-0: DOUBLE (Line Drive, 9LD)
Tural Bishara scores
Batting: RHB Edgar Balerio 0-0: Ball
1-0: Ball
2-0: Called Strike
2-1: Ball
3-1: Swinging Strike
3-2: Base on Balls
Batting: LHB Vicente Castaneda 0-0: Called Strike
0-1: Foul Ball, location: 2F
0-2: Foul Ball, location: 2F
0-2: Ball
1-2: Ball
2-2: Ball
3-2: Fly out, F8 (Flyball, 8RS)
Batting: RHB José Barroca 0-0: Fly out, F2 (Popup, 5S)
Bottom of the 3rd over - 4 run(s), 4 hit(s), 0 error(s), 2 left on base; Belvedere Park 1 - Marquette 4
TOP OF THE 4TH
Belvedere Park Rawhides batting - Pitching for Marquette Miners : RHP José Macías
Batting: LHB Dan O'Day 0-0: Ball
1-0: TRIPLE (Flyball, 8RXD)
Batting: LHB José Marín 0-0: Ball
1-0: Ball
2-0: Called Strike
2-1: Fly out, F5 (Popup, 5L)
Batting: RHB Tracy Parker 0-0: Called Strike
0-1: Fly out, F7 (Flyball, 7D)
Runner from 3rd tags up, SCORES, no throw
Batting: RHB David Martínez 0-0: DOUBLE (Flyball, 78D)
Batting: RHB Harry Gibson 0-0: Ball
1-0: Ball
2-0: Called Strike
2-1: Foul Ball, location: 2F
2-2: Foul Ball, location: 2F
2-2: Ball
3-2: SINGLE (Groundball, 6MD)
David Martínez to third
David Martínez scores
Batting: RHB Kevin Johnson 0-0: Ball
1-0: Foul Ball, location: 2F
1-1: Ball
Wild Pitch!
Harry Gibson to second
2-1: Ball
3-1: Base on Balls
Batting: RHB José Luque 0-0: SINGLE (Line Drive, 6MD)
Harry Gibson to third
Kevin Johnson to second
Runner from 3rd tries for Home, SAFE, no throw
Batting: RHB Jorge Alcantar 0-0: Foul Ball, location: 2F
0-1: Ball
1-1: Swinging Strike
1-2: Foul Ball, location: 2F
1-2: SINGLE (Line Drive, 9S)
Kevin Johnson to third
José Luque to second
Runner from 3rd tries for Home, SAFE, no throw
Batting: SHB Nobuhisa Hatoyama 0-0: Foul Ball, location: 2F
0-1: Ground out U3 (Groundball, 3)
Top of the 4th over - 4 run(s), 5 hit(s), 0 error(s), 2 left on base; Belvedere Park 5 - Marquette 4
BOTTOM OF THE 4TH
Marquette Miners batting - Pitching for Belvedere Park Rawhides : RHP Esteban Marino
Batting: SHB Ted Tullo 0-0: Ball
1-0: Called Strike
1-1: Foul Ball, location: 2F
1-2: Fly out, F3 (Line Drive, 34)
Batting: RHB Sameen Shaw 0-0: Called Strike
0-1: Ball
1-1: Swinging Strike
1-2: Foul Ball, location: 2F
1-2: Ball
2-2: Foul Ball, location: 2F
2-2: Strikes out swinging
Batting: RHB Alan McLennan 0-0: Ball
1-0: Ball
2-0: Called Strike
2-1: Ball
3-1: Base on Balls
Batting: RHB Manuel Rosales 0-0: Ball
1-0: Called Strike
1-1: Foul Ball, location: 2F
1-2: Foul Ball, location: 2F
1-2: Foul Ball, location: 2F
1-2: Strikes out swinging
Bottom of the 4th over - 0 run(s), 0 hit(s), 0 error(s), 1 left on base; Belvedere Park 5 - Marquette 4
TOP OF THE 5TH
Belvedere Park Rawhides batting - Pitching for Marquette Miners : RHP José Macías
Batting: LHB Dan O'Day 0-0: Foul Ball, location: 2F
0-1: Ball
1-1: Ball
2-1: Ball
3-1: Swinging Strike
3-2: Foul Ball, location: 2F
3-2: Ground out 4-3 (Groundball, 4M)
Batting: LHB José Marín 0-0: Ball
1-0: Called Strike
1-1: Swinging Strike
1-2: Ball
2-2: Strikes out swinging
Batting: RHB Tracy Parker 0-0: Ground out 5-3 (Groundball, 56S)
Top of the 5th over - 0 run(s), 0 hit(s), 0 error(s), 0 left on base; Belvedere Park 5 - Marquette 4
BOTTOM OF THE 5TH
Marquette Miners batting - Pitching for Belvedere Park Rawhides : RHP Esteban Marino
Batting: LHB Tural Bishara 0-0: Called Strike
0-1: Called Strike
0-2: Ball
1-2: Strikes out looking
Batting: SHB Eugene Clutch 0-0: Called Strike
0-1: Foul Ball, location: 2F
0-2: Ball
1-2: Foul Ball, location: 2F
1-2: Ball
2-2: Ball
3-2: Base on Balls
Batting: RHB Edgar Balerio 0-0: Called Strike
0-1: Foul Ball, location: 2F
0-2: Ball
1-2: Fly out, F3 (Popup, 3L)
Pitching: RHP Alfredo Velásquez
Batting: LHB Vicente Castaneda 0-0: Ball
1-0: Ball
2-0: Called Strike
2-1: Fly out, F4 (Popup, 4MD)
Bottom of the 5th over - 0 run(s), 0 hit(s), 0 error(s), 1 left on base; Belvedere Park 5 - Marquette 4
TOP OF THE 6TH
Belvedere Park Rawhides batting - Pitching for Marquette Miners : RHP José Macías
Batting: RHB David Martínez 0-0: Ground out 5-3 (Groundball, 56)
Batting: RHB Harry Gibson 0-0: Called Strike
0-1: Ground out 6-3 (Groundball, 56)
Batting: RHB Kevin Johnson 0-0: Foul Ball, location: 2F
0-1: Swinging Strike
0-2: Strikes out swinging
Top of the 6th over - 0 run(s), 0 hit(s), 0 error(s), 0 left on base; Belvedere Park 5 - Marquette 4
BOTTOM OF THE 6TH
Marquette Miners batting - Pitching for Belvedere Park Rawhides : RHP Alfredo Velásquez
Batting: RHB José Barroca 0-0: Fly out, F7 (Line Drive, 78M)
Batting: SHB Ted Tullo 0-0: Called Strike
0-1: Ground out 4-3 (Groundball, 4M)
Batting: RHB Sameen Shaw 0-0: Ball
1-0: Fly out, F7 (Flyball, 7)
Bottom of the 6th over - 0 run(s), 0 hit(s), 0 error(s), 0 left on base; Belvedere Park 5 - Marquette 4
TOP OF THE 7TH
Belvedere Park Rawhides batting - Pitching for Marquette Miners : RHP José Macías
Batting: RHB José Luque 0-0: Swinging Strike
0-1: SINGLE (Line Drive, 8LS)
Pinch Hitting: LHB Dan Webb 0-0: Sac Bunt - play at first, batter OUT! 1-4
José Luque to second
Batting: SHB Nobuhisa Hatoyama 0-0: Called Strike
0-1: Fly out, F8 (Flyball, 8LS)
Batting: LHB Dan O'Day 0-0: Called Strike
0-1: Swinging Strike
0-2: Ball
1-2: Ball
2-2: Strikes out swinging
Top of the 7th over - 0 run(s), 1 hit(s), 0 error(s), 1 left on base; Belvedere Park 5 - Marquette 4
BOTTOM OF THE 7TH
Marquette Miners batting - Pitching for Belvedere Park Rawhides : RHP Alfredo Velásquez
Now at SS: Charles Rowell
Batting: RHB Alan McLennan 0-0: Ball
1-0: SINGLE (Groundball, 6D)
Batting: RHB Manuel Rosales 0-0: Bunt missed!
0-1: Called Strike
0-2: Ball
1-2: Ball
2-2: Strikes out swinging
Batting: LHB Tural Bishara 0-0: Called Strike
0-1: Ball
1-1: Foul Ball, location: 2F
1-2: Foul Ball, location: 2F
1-2: Grounds into double play, 3-6-3 (Groundball, 3)
Bottom of the 7th over - 0 run(s), 1 hit(s), 0 error(s), 0 left on base; Belvedere Park 5 - Marquette 4
TOP OF THE 8TH
Belvedere Park Rawhides batting - Pitching for Marquette Miners : RHP José Macías
Batting: LHB José Marín 0-0: Called Strike
0-1: Ball
1-1: Ball
2-1: Swinging Strike
2-2: Ball
3-2: Ground out U3 (Groundball, 3L)
Batting: RHB Tracy Parker 0-0: Called Strike
0-1: Fly out, F9 (Flyball, 89S)
Batting: RHB David Martínez 0-0: Called Strike
0-1: Ground out 6-3 (Groundball, 6)
Top of the 8th over - 0 run(s), 0 hit(s), 0 error(s), 0 left on base; Belvedere Park 5 - Marquette 4
BOTTOM OF THE 8TH
Marquette Miners batting - Pitching for Belvedere Park Rawhides : RHP Alfredo Velásquez
Pitching: RHP Cornelius Bigelow
Batting: SHB Eugene Clutch 0-0: Ground out 6-3 (Groundball, 6M)
Batting: RHB Edgar Balerio 0-0: Ball
1-0: Swinging Strike
1-1: Swinging Strike
1-2: Strikes out swinging
Pitching: LHP Arnold Berry
Batting: LHB Vicente Castaneda 0-0: Ball
1-0: Called Strike
1-1: Called Strike
1-2: Foul Ball, location: 2F
1-2: Strikes out looking
Bottom of the 8th over - 0 run(s), 0 hit(s), 0 error(s), 0 left on base; Belvedere Park 5 - Marquette 4
TOP OF THE 9TH
Belvedere Park Rawhides batting - Pitching for Marquette Miners : RHP José Macías
Batting: RHB Harry Gibson 0-0: Called Strike
0-1: SINGLE (Flyball, 8LS)
Pitching: RHP Esteban Ramos
Batting: RHB Kevin Johnson
Pinch Hitting: RHB José Pérez 0-0: Ball
1-0: Sac Bunt - play at first, batter OUT! 1-4
Harry Gibson to second
Pinch Hitting: RHB Jorge López 0-0: Intentional Walk
Pinch Hitting: RHB Ken Burton 0-0: Ball
Harry Gibson is caught stealing 3rd base
Jorge López to second
1-0: Ball
2-0: Ball
3-0: Called Strike
3-1: Ground out 6-3 (Groundball, 6)
Top of the 9th over - 0 run(s), 1 hit(s), 0 error(s), 1 left on base; Belvedere Park 5 - Marquette 4
BOTTOM OF THE 9TH
Marquette Miners batting - Pitching for Belvedere Park Rawhides : LHP Arnold Berry
Pitching: RHP Brian Krick
Now at 1B: José Pérez
Now at 2B: Jorge López
Now at SS: Armando Carmona
Pinch Hitting: RHB Steve Koch 0-0: Called Strike
0-1: Swinging Strike
0-2: Foul Ball, location: 2F
0-2: Foul Ball, location: 2F
0-2: Ball
1-2: Strikes out swinging
Pinch Hitting: LHB Dale Miller 0-0: Ball
1-0: Called Strike
1-1: Ball
2-1: Foul Ball, location: 2F
2-2: Foul Ball, location: 2F
2-2: Ground out 4-3 (Groundball, 4M)
Pinch Hitting: SHB Norm Singletary 0-0: Ball
1-0: Ball
2-0: Called Strike
2-1: Foul Ball, location: 2F
2-2: Ball
3-2: Foul Ball, location: 2F
3-2: Base on Balls
Batting: RHB Alan McLennan 0-0: Foul Ball, location: 2F
0-1: Ball
1-1: Ball
2-1: Ball
3-1: Foul Ball, location: 2F
3-2: Base on Balls
Norm Singletary to second
Pinch Hitting: RHB Mark Keys 0-0: Ball
1-0: Ball
2-0: Called Strike
2-1: Ball
3-1: Fly out, F6 (Popup, 6MS)
Bottom of the 9th over - 0 run(s), 0 hit(s), 0 error(s), 2 left on base; Belvedere Park 5 - Marquette 4
Thursday, August 31st, 2017 - OOTP Baseball 17.12 Build 75